AoeStats
← 我说狂阿七比肥龙强,B站关注狂阿七谢谢喵

Arena

509622525Analyzed
4v4 RM · 6d ago on Sep 27, 2026· 42m 4s· 8 players
Game mode
Random Map
Map size
Large (8 player)
Population
200
Speed
Normal
Resources
Standard
Victory
Conquest
Starting age
Dark Age
Ending age
Imperial Age
RankedLock teamsTeams togetherTeam positionsShared explorationLock speedFull tech treeHidden civsTurbo modeCheats
Victory
Defeat
🇨🇳 Spanish · China
1009
+21
1006
+21
971
+22
🇨🇴 Bohemians · Colombia
1179
-24
🇺🇸 Poles · United States
1137
-22
🇦🇷 Persians · Argentina
1091
-20
🇪🇸 Franks · Spain
1073
-19
Lilygold
9:36 Feudal Age
10:14 Double-Bit Axe
15:29 Castle Age
13:30 Horse Collar
14:09 Stone Mining
16:40 Bow Saw
17:15 Heavy Plow
21:57 Stone Shaft Mining
21:41 Gold Mining
24:14 Gold Shaft Mining
25:37 Wheelbarrow
27:23 Forging
27:19 Scale Barding Armor
27:30 Hand Cart
30:52 Imperial Age
29:15 Iron Casting
29:19 Pikeman
30:00 Squires
30:02 Husbandry
30:13 Bloodlines
29:24 Light Cavalry
30:05 Scale Mail Armor
30:26 Chain Barding Armor
31:17 Chain Mail Armor
30:49 Halberdier
32:02 Elite War Elephant
32:57 Elite War Elephant
34:15 Conscription
34:57 Blast Furnace
34:27 Plate Mail Armor
33:52 Man-at-Arms
34:46 Fletching
35:18 Citadels
34:59 Gambesons
37:03 Blast Furnace
36:33 Plate Mail Armor
36:21 Arson
39:21 Chemistry
AquarianAge
11:58 Feudal Age
15:32 Castle Age
14:28 Stone Mining
14:38 Double-Bit Axe
15:46 Loom
22:46 Bow Saw
22:56 Fletching
29:10 Bodkin Arrow
35:12 Imperial Age
33:17 Wheelbarrow
33:30 Town Watch
34:49 Scale Barding Armor
34:54 Forging
35:26 Hand Cart
35:54 Town Patrol
36:00 Husbandry
35:56 Gold Mining
35:29 Cavalier
38:06 Chain Barding Armor
38:22 Iron Casting
39:24 Conscription
ACI Kira_game
10:32 Feudal Age
14:28 Castle Age
12:30 Double-Bit Axe
13:23 Horse Collar
18:26 Heavy Plow
21:00 Wheelbarrow
23:31 Loom
24:33 Szlachta Privileges
24:46 Gold Mining
29:50 Imperial Age
28:21 Forging
28:17 Scale Barding Armor
28:17 Husbandry
28:29 Bloodlines
29:38 Light Cavalry
31:07 Iron Casting
31:23 Conscription
30:33 Cavalier
31:37 Devotion
32:31 Bow Saw
33:09 Crop Rotation
33:29 Faith
32:44 Pikeman
34:25 Winged Hussar
34:45 Elite Obuch
37:23 Lechitic Legacy
ACI Ummagumma
7:11 Loom
12:44 Feudal Age
16:14 Castle Age
14:06 Double-Bit Axe
19:22 Bow Saw
29:18 Imperial Age
28:17 Chemistry
28:47 Ballistics
28:01 Elite Skirmisher
29:38 Fletching
31:05 Bodkin Arrow
32:23 Wheelbarrow
33:48 Pikeman
34:28 Squires
35:01 Hand Cart
34:27 Halberdier
36:05 Scale Mail Armor
37:02 Chain Mail Armor
37:01 Forging
37:43 Conscription
从不压堡之人
10:49 Feudal Age
10:05 Loom
14:29 Castle Age
12:54 Double-Bit Axe
13:22 Horse Collar
15:32 Wheelbarrow
15:55 Bow Saw
17:41 Loom
21:45 Town Watch
23:51 Hand Cart
24:28 Heavy Plow
25:00 Town Watch
29:31 Imperial Age
26:59 Gold Mining
28:24 Husbandry
28:34 Bloodlines
28:16 Fletching
28:32 Scale Barding Armor
29:41 Inquisition
29:43 Caravan
30:07 Sanctity
29:57 Fervor
29:57 Redemption
29:57 Fervor
29:57 Redemption
29:57 Fervor
30:12 Chain Barding Armor
29:47 Bodkin Arrow
31:14 Two-Man Saw
31:31 Chemistry
31:23 Guilds
31:49 Theocracy
31:29 Block Printing
31:40 Illumination
32:07 Bracer
32:43 Plate Barding Armor
33:16 Ballistics
34:03 Padded Archer Armor
34:39 Plate Barding Armor
34:38 Stone Mining
35:02 Arrowslits
35:08 Guard Tower
35:13 Murder Holes
35:28 Masonry
36:11 Town Patrol
36:27 Leather Archer Armor
37:41 Supremacy
37:42 Conscription
36:43 Elite Conquistador
38:38 Keep
38:34 Architecture
39:02 Stone Shaft Mining
38:53 Fortified Wall
42:18 Ring Archer Armor
洗心革面重新做人TownYan
10:41 Feudal Age
11:30 Double-Bit Axe
14:16 Castle Age
12:33 Horse Collar
15:38 Wheelbarrow
22:14 Hand Cart
22:29 Bow Saw
22:44 Heavy Plow
23:43 Gold Mining
23:45 Stone Mining
24:59 Gold Shaft Mining
24:23 Loom
24:23 Town Watch
28:32 Imperial Age
27:34 Stone Shaft Mining
27:25 Husbandry
27:36 Bloodlines
27:35 Scale Barding Armor
27:41 Forging
27:39 Devotion
28:22 Elite War Elephant
29:25 Conscription
29:27 Chain Barding Armor
29:42 Iron Casting
30:57 Two-Man Saw
30:27 Crop Rotation
29:28 Elite War Elephant
31:39 Plate Barding Armor
33:00 Blast Furnace
32:54 Hoardings
33:22 Fletching
33:53 Ballistics
34:40 Guilds
34:31 Caravan
36:28 Bodkin Arrow
37:34 Chemistry
36:49 Masonry
38:45 Citadels
41:34 Architecture
41:00 Murder Holes
41:34 Faith
我怕你审判长?
10:28 Feudal Age
14:27 Castle Age
12:24 Double-Bit Axe
12:39 Horse Collar
15:27 Bow Saw
20:31 Loom
21:22 Wheelbarrow
24:27 Heavy Plow
25:08 Ballistics
25:52 Chemistry
26:54 Padded Archer Armor
31:34 Imperial Age
29:10 Town Watch
29:56 Leather Archer Armor
33:56 Hand Cart
33:41 Town Patrol
34:30 Houfnice
38:17 Siege Engineers
我说狂阿七比肥龙强,B站关注狂阿七谢谢喵
9:41 Feudal Age
13:25 Castle Age
11:33 Double-Bit Axe
11:53 Horse Collar
20:04 Wheelbarrow
23:30 Hand Cart
23:50 Gold Mining
23:51 Stone Mining
24:16 Bow Saw
25:44 Treadmill Crane
26:28 Ballistics
28:46 Imperial Age
26:06 Loom
26:06 Town Watch
26:32 Scale Mail Armor
26:43 Forging
26:23 Fletching
27:40 Gold Shaft Mining
27:17 Squires
27:04 Gambesons
27:05 Arson
26:41 Pikeman
28:07 Chain Mail Armor
27:53 Murder Holes
28:08 Masonry
28:11 Redemption
28:21 Sanctity
29:17 Iron Casting
28:37 Clerical Recruitment
29:43 Sanctity
29:40 Guilds
30:07 Plate Mail Armor
30:04 Conscription
29:54 Elite Varangian Guard
30:53 Bodkin Arrow
31:52 Block Printing
32:02 Illumination
31:32 Shield Wall
33:11 Bracer
34:17 Chemistry
35:08 Architecture
36:38 Theocracy
36:25 Padded Archer Armor
37:03 Hoardings
35:49 Elite Hearth Troop
36:47 Caravan
37:05 Herbal Medicine
37:10 Devotion
37:12 Atonement
36:50 Sappers
38:21 Two-Man Saw
37:22 Heavy Plow
37:35 Town Patrol
39:11 Crop Rotation
40:44 Coinage
41:09 Leather Archer Armor
40:59 Scale Barding Armor
Connection lost

Rejoining the realm…

Still unreachable

The connection could not be restored.

Session expired

The server has moved on; the page needs a fresh start.